 Dungeon Crawl Stone Soup version 0.17.0-24-gcfadda4 (webtiles) character file.

554 shklvsk the Cudgeler (level 7, -4/52 HPs)
             Began as a Mummy Gladiator on Nov 16, 2015.
             Was an Initiate of Gozag.
             Killed by divine providence
             ... invoked by an orc priest
              (13 damage)
             ... on level 4 of the Dungeon.
             The game lasted 00:10:15 (3413 turns).

shklvsk the Cudgeler (Mummy Gladiator)              Turns: 3413, Time: 00:10:15

Health: -4/52      AC: 10    Str: 19    XL:     7   Next: 8%
Magic:  7/7        EV: 11    Int:  8    God:    Gozag
Gold:   165        SH:  0    Dex: 13    Spells: 0 memorised, 6 levels left

rFire  x . .     SeeInvis .     q - +0 morningstar
rCold  + . .     Clarity  .     m - +0 ring mail
rNeg   + + +     SustAt   .     (no shield)
rPois  ∞         Gourm    .     c - +0 helmet
rElec  .         Spirit   .     e - +0 cloak
rCorr  .         Warding  .     (no gloves)
rMut   .         Stasis   .     (no boots)
MR     .....                    (no amulet)
Stlth  +.........               j - +3 ring of protection
                                (no ring)

@: not resistant to hostile enchantments, very unstealthy
A: no food or potions, fire vulnerability, cold resistance 1, negative energy
resistance 3, torment resistance, unbreathing
a: Potion Petition, Call Merchant, Bribe Branch, Renounce Religion


You were on level 4 of the Dungeon.
You worshipped Gozag.
Gozag was noncommittal.
You were not hungry.

You visited 1 branch of the dungeon, and saw 4 of its levels.

You collected 239 gold pieces.
You paid 74 gold pieces to Gozag.

Inventory:

Hand Weapons
 a - a +0 flail
 o - a +0 blowgun
 q - a +0 morningstar (weapon)
Missiles
 i - 102 stones (quivered)
 p - 5 curare-tipped needles
Armour
 c - a +0 helmet (worn)
 e - a +0 cloak (worn)
 m - a +0 ring mail (worn)
Jewellery
 j - a +3 ring of protection (right hand)
Scrolls
 b - a scroll of remove curse
 f - 2 scrolls of teleportation {unknown}
 g - a scroll of fear {unknown}
 h - a scroll of magic mapping {unknown}
 k - a scroll of enchant weapon {unknown}
 l - a scroll of recharging {unknown}
 n - 3 scrolls of identify {unknown}


   Skills:
 + Level 3.1 Fighting
 * Level 5.9 Maces & Flails
 - Level 1.5 Throwing
 * Level 2.1 Armour
 - Level 2.4 Dodging


You had 6 spell levels left.
You didn't know any spells.

Dungeon Overview and Level Annotations

Branches:
Dungeon (4/15)
 Temple: D:4-7

Altars:
Ashenzari
Gozag
Okawaru
Qazlal
Yredelemnul

Annotations:
D:4 Blork the orc


Innate Abilities, Weirdness & Mutations

You do not eat or drink.
Your flesh is vulnerable to fire.
You are immune to poison.
Your flesh is cold resistant.
You are immune to negative energy.
You are immune to unholy pain and torment.
You can survive without breathing.


Message History

Blork the orc casts a spell at you. The magic dart hits you!
* * * LOW HITPOINT WARNING * * *
Throwing (i - inventory. (,) - cycle):
d - a throwing net (quivered)
Press: ? - help, Shift-Dir - straight line, f - worker ant
Aim: a worker ant You throw a throwing net.
The throwing net hits the worker ant.
The worker ant is caught in the net!
The worker ant struggles to escape the net.
Blork the orc screams, "I'm going to kill you!"
Blork the orc closely misses you.
The worker ant struggles against the net. x2
Blork the orc is no longer moving quickly.
The worker ant struggles against the net.
The worker ant struggles against the net.
The worker ant struggles against the net.
The orc priest invokes the aid of Beogh against you.
Something smites you!
You die...
Your body crumbles into a pile of gold.

.# #.# .# #.###### .#
#.##...## .#
##.#.###.## ##.#####
#####!..## ##.#
####................#
#.# ......#
######...## ##.# $
###...#
##########.#.###.## #
#o..#
#.oa....@..##...##
###...#
#o############.##
......# #.# #.#
#.##.####o# #..
#.#...o...# ####
#..######## ..## ###


You could see Blork the orc, a worker ant (caught) and an orc priest.

Vanquished Creatures
  Grinder (D:4)
  4 wights (D:3)
  A worker ant (D:3)
  Natasha (twice) (D:3)
  A gnoll (D:1)
  4 adders
  2 worms
  2 giant geckos
  6 orcs
  A ball python (D:1)
  2 giant cockroaches
  11 goblins
  8 hobgoblins
  8 jackals
  3 quokkas
  A ball python skeleton (D:4)
  10 bats
  4 giant newts
  6 kobolds
  9 rats
86 creatures vanquished.

Notes
Turn   | Place    | Note
--------------------------------------------------------------
     0 | D:1      | shklvsk the Mummy Gladiator began the quest for the Orb.
     0 | D:1      | Reached XP level 1. HP: 16/16 MP: 1/1
   116 | D:1      | Reached XP level 2. HP: 19/22 MP: 2/2
   175 | D:1      | Reached skill level 3 in Maces & Flails
   408 | D:1      | Reached XP level 3. HP: 6/27 MP: 3/3
  1179 | D:2      | Reached skill level 4 in Maces & Flails
  1290 | D:2      | Found an iron altar of Okawaru.
  1309 | D:2      | Reached XP level 4. HP: 30/33 MP: 4/4
  2143 | D:3      | Noticed Natasha
  2154 | D:3      | Killed Natasha
  2154 | D:3      | Reached XP level 5. HP: 35/38 MP: 5/5
  2213 | D:3      | Reached skill level 1 in Armour
  2226 | D:3      | Noticed Natasha
  2239 | D:3      | Killed Natasha
  2431 | D:3      | Reached skill level 5 in Maces & Flails
  2459 | D:3      | Found a shattered altar of Ashenzari.
  2541 | D:3      | Found a basalt altar of Yredelemnul.
  2774 | D:3      | Reached XP level 6. HP: 25/46 MP: 6/6
  3106 | D:4      | Found an opulent altar of Gozag.
  3106 | D:4      | Found a stormy altar of Qazlal.
  3110 | D:4      | Became a worshipper of Gozag Ym Sagoz the Greedy
  3155 | D:4      | Noticed Grinder
  3194 | D:4      | Killed Grinder
  3194 | D:4      | Reached XP level 7. HP: 38/52 MP: 7/7
  3368 | D:4      | Noticed Blork the orc
  3413 | D:4      | Killed from afar by an orc priest

Action                   |  1- 3 |  4- 6 |  7- 9 || total
-------------------------+-------+-------+-------++-------
Melee: Flail             |   123 |   113 |       ||   236
       Morningstar       |       |    46 |    24 ||    70
Throw: Throwing net      |     2 |     3 |     2 ||     7
  Use: Scroll            |       |       |     1 ||     1
 Stab: Sleeping          |     2 |       |       ||     2
       Held in net/web   |     1 |     4 |       ||     5
